 Dungeon Crawl Stone Soup version 0.23-a0-38-g6d804a8 (console) character file.

1243 removed the Chiller (level 8, 61/61 HPs)
             Began as a Demigod Summoner on Aug 5, 2018.
             Quit the game on level 7 of the Dungeon.
             The game lasted 00:18:28 (7380 turns).

removed the Chiller (Demigod Summoner)              Turns: 7380, Time: 00:18:30

Health: 61/61      AC:  7    Str: 11    XL:     8   Next: 4%
Magic:  17/17      EV: 13    Int: 23    God:
Gold:   64         SH:  0    Dex: 19    Spells: 4/15 levels left

rFire    . . .     SeeInvis .   a - +2 whip (venom)
rCold    . . .     Gourm    .   (no shield)
rNeg     . . .     Faith    .   O - +1 robe {MR+}
rPois    .         Spirit   .   v - +1 helmet
rElec    .         Reflect  .   (no cloak)
rCorr    .         Harm     .   I - +1 pair of gloves of Trial and Error {Dex+3}
MR       +....                  (no boots)
Stlth    ++........             (no amulet)
HPRegen  0.20/turn              h - ring of flight
MPRegen  0.15/turn              (no ring)

@: no status effects
A: high mp 1
a: Evoke Flight


You were on level 7 of the Dungeon.
You were very hungry.

You visited 1 branch of the dungeon, and saw 7 of its levels.

You collected 381 gold pieces.
You spent 317 gold pieces at shops.

Inventory:

Hand Weapons
 a - a +2 whip of venom (weapon)
 b - a +0 halberd
 c - a +2 whip of draining
 f - a +0 club
 m - a +0 dagger
 B - the +1 dagger of Vaofiut {pierce, rElec rF+ rN+}
   (You found it on level 4 of the Dungeon)

   It inflicts extra damage upon your enemies.
   It protects you from fire.
   It insulates you from electricity.
   It protects you from negative energy.
 G - a cursed +0 falchion
Armour
 e - a +0 robe
 v - a +1 helmet (worn)
 I - the +1 pair of gloves of Trial and Error (worn) {Dex+3}
   (You bought it in a shop on level 5 of the Dungeon)

   It affects your dexterity (+3).
 O - a +1 robe of magic resistance (worn)
Jewellery
 h - a ring of flight (left hand)
 z - an uncursed ring of fire
Wands
 D - a wand of acid (5)
Scrolls
 j - 6 scrolls of remove curse
 k - 4 scrolls of teleportation
 P - 4 scrolls of identify
Potions
 i - a potion of curing
 n - 3 potions of mutation
 o - 3 potions of agility
 t - a potion of resistance
 x - a potion of lignification
 E - a potion of brilliance
 F - a potion of degeneration
 K - a potion of cancellation
 M - a potion of flight {unknown}
 N - a potion of invisibility {unknown}
Comestibles
 q - 3 rations


   Skills:
 - Level 2.2 Fighting
 - Level 2.1 Dodging
 - Level 1.7 Stealth
 - Level 4.0 Spellcasting
 + Level 2.1 Conjurations
 - Level 5.0 Summonings
 - Level 6.1 Ice Magic


You had 4 spell levels left.
You knew the following spells:

 Your Spells              Type           Power        Failure   Level  Hunger
a - Summon Small Mammal   Summ           ####         1%          1    None
b - Call Imp              Summ           ####....     1%          2    #......
c - Call Canine Familiar  Summ           ####....     4%          3    ##.....
d - Freeze                Ice            ####         1%          1    None
e - Throw Frost           Conj/Ice       ###...       2%          2    #......
l - Blink                 Tloc           N/A          16%         2    #......

Your spell library contained the following spells:

 Spells                   Type           Power        Failure   Level  Hunger
 Magic Dart               Conj           ##..         4%          1    None
 Conjure Flame            Conj/Fire      #.......     21%         3    ##.....
 Slow                     Hex            #.......     16%         2    #......
 Mephitic Cloud           Conj/Pois/Air  #.......     24%         3    ##.....
 Summon Ice Beast         Ice/Summ       ####....     11%         4    ####...
 Ozocubu's Armour         Chrm/Ice       ###.....     9%          3    ##.....
 Throw Icicle             Conj/Ice       ###.....     19%         4    ####...
 Summon Lightning Spire   Summ/Air       ###.....     36%         4    ####...
 Summon Guardian Golem    Hex/Summ       ###.....     11%         3    ##.....


Dungeon Overview and Level Annotations

Branches:
Dungeon (7/15)
 Temple: D:4-7

Shops:
D:5 }[*   D:6 [

Annotations:
D:7 Dowan


Innate Abilities, Weirdness & Mutations

You have an increased reservoir of magic. (+10% MP)


Message History

Done exploring.
Done exploring.
Done exploring.
There is a stone staircase leading down here.
Are you sure you want to abandon this character and quit the game? (Confirm with "yes".)
Okay, then.
You climb downwards.
Found a leather armour and a scroll of identify.
There is a stone staircase leading up here.
Found a potion of mutation and a scroll of identify.
Found a stone staircase leading down.
P - 3 scrolls of identify (gained 1)
n - 3 potions of mutation (gained 1)
P - 4 scrolls of identify (gained 1)
You are feeling very hungry.
Found 22 stones.
Dowan, Brother of Duvessa comes into view.
He is wielding a dagger.
Dowan is nearby!
Dowan is nearby!
Are you sure you want to abandon this character and quit the game? (Confirm with "yes".)

### .e. ....># #..
.. #.....# #..#..
#.....# #....
#.....# #... #.....#
#.#### #.....#
#....###.....#
#@...........#
#............#
#.##........##
#.##....[...#
#.##.......<#
#.#.##.#....#######
##...##.#..........#
........#..........#
#......#..........#


You could see Dowan (sleeping).

Vanquished Creatures
  Sigmund (D:5)
  A sky beast (D:6)
  Blork the orc (D:5)
  2 bullfrogs
  A scorpion (D:6)
  A howler monkey (D:4)
  A crimson imp (D:5)
  3 hounds
  2 orc priests
  Natasha (twice) (D:4)
  5 orc wizards
  4 worker ants
  A hound zombie (D:5)
  A howler monkey skeleton (D:6)
  A gnoll (D:2)
  An adder (D:2)
  2 worms
  3 dart slugs
  4 leopard geckos
  8 orcs
  6 giant cockroaches
  2 goblins
  4 hobgoblins (D:2)
  8 jackals
  2 quokkas (D:2)
  5 bats
  4 frilled lizards
  5 kobolds
  A leopard gecko skeleton (D:5)
  6 rats
88 creatures vanquished.

Vanquished Creatures (collateral kills)
  An ogre (D:5)
  A water moccasin skeleton (D:4)
  A bullfrog zombie (D:6)
  A centaur skeleton (D:4)
  A jelly (D:5)
  A bullfrog skeleton (D:4)
  Natasha (D:4)
  An orc wizard (D:6)
  3 gnolls
  2 adders (D:2)
  A worm (D:4)
  A dart slug (D:1)
  A leopard gecko (D:2)
  2 orcs
  3 bats (D:1)
  2 giant cockroaches (D:1)
  2 goblins (D:1)
  5 hobgoblins
  2 jackals (D:2)
  6 kobolds
  A quokka (D:2)
  2 frilled lizards (D:2)
  A giant cockroach zombie (D:5)
  3 rats (D:1)
45 creatures vanquished.

Grand Total: 133 creatures vanquished

Notes
Turn   | Place    | Note
-------+----------+-------------------------------------------
     0 | D:1      | removed the Demigod Summoner began the quest for the Orb.
     0 | D:1      | Reached XP level 1. HP: 14/14 MP: 5/5
   501 | D:1      | Reached XP level 2. HP: 20/20 MP: 4/7
   550 | D:1      | Learned a level 2 spell: Call Imp
  1334 | D:2      | Reached XP level 3. HP: 26/26 MP: 5/8
  1702 | D:2      | Reached skill level 5 in Summonings
  1759 | D:2      | Learned a level 3 spell: Call Canine Familiar
  1837 | D:2      | Reached XP level 4. HP: 25/33 MP: 8/10
  2517 | D:3      | Learned a level 2 spell: Blink
  2719 | D:3      | Noticed a bullfrog
  2734 | D:3      | Killed a bullfrog
  3495 | D:4      | Reached XP level 5. HP: 33/38 MP: 11/13
  3543 | D:4      | Found a basalt altar of Yredelemnul.
  3552 | D:4      | Noticed Natasha
  3612 | D:4      | Killed Natasha
  3642 | D:4      | Noticed Natasha
  3651 | D:4      | Killed Natasha
  3681 | D:4      | Noticed Natasha
  3687 | D:4      | Killed Natasha
  4215 | D:4      | Reached skill level 1 in Fighting
  4249 | D:4      | Reached XP level 6. HP: 35/48 MP: 15/15
  4744 | D:4      | Learned a level 1 spell: Freeze
  4932 | D:4      | Reached skill level 1 in Ice Magic
  4944 | D:4      | Got an encrusted dagger
  4945 | D:4      | Identified the cursed +1 dagger of Vaofiut {pierce, rElec rF+ rN+} (You found it on level 4 of the Dungeon)
  5074 | D:4      | Reached skill level 2 in Ice Magic
  5213 | D:5      | Entered Level 5 of the Dungeon
  5524 | D:5      | Found an iron altar of Okawaru.
  5542 | D:5      | Found Hiekinti's Antique Armour Emporium.
  5608 | D:5      | Reached skill level 3 in Ice Magic
  5711 | D:5      | Found Limuxedo's Gadget Shoppe.
  5800 | D:5      | Noticed Blork the orc
  5800 | D:5      | Noticed Sigmund
  5813 | D:5      | Killed Blork the orc
  5813 | D:5      | Reached XP level 7. HP: 10/55 MP: 16/16
  5824 | D:5      | Killed Sigmund
  5824 | D:5      | Reached skill level 4 in Ice Magic
  6086 | D:5      | Found a hazy altar of Hepliaklqana.
  6194 | D:5      | Found Giat's General Store.
  6214 | D:5      | Reached skill level 5 in Ice Magic
  6363 | D:5      | Bought a pair of jewelled gloves for 218 gold pieces
  6368 | D:5      | Identified the +1 pair of gloves of Trial and Error {Dex+3} (You bought it in a shop on level 5 of the Dungeon)
  6578 | D:6      | Reached skill level 6 in Ice Magic
  6585 | D:6      | Learned a level 2 spell: Throw Frost
  6674 | D:6      | Reached skill level 1 in Conjurations
  6674 | D:6      | Reached XP level 8. HP: 24/61 MP: 11/17
  6833 | D:6      | Found Nischig's Antique Armour Shop.
  7140 | D:6      | Bought a runed robe for 99 gold pieces
  7379 | D:7      | Noticed Dowan
  7380 | D:7      | Quit the game

Vault maps used:
D:1:      scummos_arrival_simple_fountains, minmay_split_cup_large
D:4:      kennysheep_pointless_box, yredelemnul_altar_generic, uniq_natasha
D:5:      kennysheep_mini, basic_altar, serial_shops, kennysheep_mini_moat,
          shop, shop, first_ration, eino_tiny_chamber, uniq_blork_the_orc,
          uniq_sigmund
D:6:      portal_sewer_entry_f, serial_shops, kennysheep_little_box
D:7:      minmay_temple_entry_overgrown, uniq_duvessa, uniq_pikel

Skill      XL: |  1  2  3  4  5  6  7  8 |
---------------+-------------------------+-----
Summonings     | 4 5 |  5.0
Spellcasting   | 2 3 4 |  4.0
Fighting       | 1 2 |  2.2
Dodging        | 2 |  2.1
Ice Magic      | 3 6 |  6.1
Conjurations   | 1 2 |  2.1
Stealth        | |  1.7

Action                   |  1- 3 |  4- 6 |  7- 9 || total
-------------------------+-------+-------+-------++-------
Melee: Dagger            |    32 |       |       ||    32
       Club              |     5 |       |       ||     5
       Halberd           |    51 |       |       ||    51
       Whip              |     4 |   158 |   121 ||   283
 Cast: Summon Small Mamm |    43 |     7 |       ||    50
       Call Imp          |     6 |    16 |     3 ||    25
       Call Canine Famil |       |     4 |     2 ||     6
Evoke: Wand              |       |     1 |       ||     1
  Use: Scroll            |       |     8 |     9 ||    17
       Potion            |       |     1 |     1 ||     2
 Stab: Sleeping          |     2 |     8 |     1 ||    11
       Distracted        |       |     3 |       ||     3
  Eat: Chunk             |     4 |     6 |     1 ||    11
       Ration            |       |     2 |     1 ||     3
Armor: Robe              |    32 |    17 |    32 ||    81
Dodge: Dodged            |    73 |   102 |    66 ||   241

Table legend:
 A = Spawn XP
 B = Non-spawn XP
 C = Spawn XP percentage of total XP
 D = Spawn monster count
 E = Non-spawn monster count
 F = Spawn count percentage of total count
 G = Total turns spent on level
                    A         B        C        D         E        F      G
               +---------+---------+-------+---------+---------+-------+---------
         Total |       0 |    1776 |   0.0 |       0 |     133 |   0.0 |  7380
               +---------+---------+-------+---------+---------+-------+---------
           D:1 |       0 |      43 |   0.0 |       0 |      28 |   0.0 |  1175
           D:2 |       0 |      97 |   0.0 |       0 |      34 |   0.0 |  1455
           D:3 |       0 |      65 |   0.0 |       0 |       9 |   0.0 |   935
           D:4 |       0 |     451 |   0.0 |       0 |      18 |   0.0 |  1648
           D:5 |       0 |     570 |   0.0 |       0 |      17 |   0.0 |  1173
           D:6 |       0 |     550 |   0.0 |       0 |      27 |   0.0 |   918
               +---------+---------+-------+---------+---------+-------+---------
